General information
- name: BNet
- type: Ladder 1vs1/FFA
- host: Battle.net
- saver: AmericanMight
map: TidewaterGlades
- players: 2
- length: 23:37
- speed: Fast
- version: 1.26 W3XP
- replay type: Public
» download(72 KB)
Players
team 1 (loser)

»
K_Mars (
blue | 68 APM | 1596 actions | 23:35)
3 Archmage
1 Summon Water Elemental
2 Brilliance Aura
3 Beastmaster
2 Summon Bear
1 Summon Quilbeast
» actions
| Assign group hotkey | 21 | |
| Basic commands | 235 | |
| Build / train | 102 | |
| ESC pressed | 1 | |
| Enter build submenu | 39 | |
| Enter hero's abilities submenu | 7 | |
| Give item / drop item | 1 | |
| Remove unit from queue | 1 | |
| Right click | 337 | |
| Select / deselect | 556 | |
| Select group hotkey | 180 | |
| Use ability | 116 | |
1596 total
» units
| Peasant | 55 | |
| Rifleman | 4 | |
| Priest | 3 | |
| Mortar Team | 5 | |
| Knight | 1 | |
68 total
» upgrades
| Gunpowder | 1 | |
| Long Rifles | 1 | |
| Priest Training | 1 | |
| Flare | 1 | |
| Magic Sentry | 1 | |
| Masonry | 3 | |
| Lumber Harvesting | 1 | |
9 total
» buildings
| Altar of Kings | 1 | |
| Farm | 10 | |
| Lumber Mill | 1 | |
| Blacksmith | 1 | |
| Keep | 2 | |
| Barracks | 2 | |
| Scout Tower | 17 | |
| Guard Tower | 6 | |
| Arcane Sanctum | 1 | |
| Workshop | 1 | |
| Castle | 1 | |
| Town Hall | 3 | |
| Arcane Tower | 7 | |
53 total
» build order
00:08 Altar of Kings
00:11 Farm
00:54 Farm
01:06 Lumber Mill
01:24 Blacksmith
02:49 Keep
02:49 Keep
02:57 Barracks
03:01 Scout Tower
03:04 Farm
03:35 Farm
03:37 Guard Tower
03:50 Farm
05:14 Arcane Sanctum
05:47 Workshop
05:52 Castle
06:23 Barracks
06:25 Farm
07:21 Farm
08:28 Town Hall
08:33 Scout Tower
09:26 Scout Tower
09:40 Scout Tower
09:50 Scout Tower
09:51 Farm
09:55 Arcane Tower
09:57 Farm
10:16 Guard Tower
10:28 Arcane Tower
10:49 Scout Tower
11:30 Guard Tower
11:30 Guard Tower
12:15 Town Hall
12:24 Scout Tower
13:56 Scout Tower
14:55 Arcane Tower
14:58 Scout Tower
15:32 Scout Tower
16:14 Arcane Tower
16:16 Scout Tower
16:44 Arcane Tower
17:02 Scout Tower
18:01 Town Hall
18:02 Guard Tower
18:35 Scout Tower
19:09 Guard Tower
19:12 Scout Tower
19:30 Scout Tower
19:34 Farm
20:06 Arcane Tower
20:37 Scout Tower
20:41 Scout Tower
21:58 Arcane Tower
team 2 (winner)
AmericanMight (
teal | 67 APM | 1589 actions | 23:37)
5 Blood Mage
3 Flame Strike
2 Siphon Mana
1 Paladin
1 Holy Light
» actions
| Assign group hotkey | 114 | |
| Basic commands | 9 | |
| Build / train | 113 | |
| Enter build submenu | 44 | |
| Enter hero's abilities submenu | 6 | |
| Give item / drop item | 2 | |
| Remove unit from queue | 2 | |
| Right click | 587 | |
| Select / deselect | 361 | |
| Select group hotkey | 208 | |
| Use ability | 143 | |
1589 total
» units
| Peasant | 18 | |
| Footman | 5 | |
| Sorceress | 3 | |
| Mortar Team | 4 | |
30 total
» upgrades
| Sorceress Training | 1 | |
| Lumber Harvesting | 2 | |
| Masonry | 3 | |
| Magic Sentry | 1 | |
| Gunpowder | 3 | |
| Fragmentation Shards | 1 | |
| Flare | 1 | |
| Armor | 3 | |
15 total
» buildings
| Altar of Kings | 1 | |
| Barracks | 1 | |
| Farm | 7 | |
| Scout Tower | 26 | |
| Arcane Tower | 3 | |
| Arcane Vault | 1 | |
| Keep | 1 | |
| Lumber Mill | 1 | |
| Guard Tower | 14 | |
| Arcane Sanctum | 1 | |
| Town Hall | 2 | |
| Castle | 1 | |
| Blacksmith | 1 | |
| Workshop | 4 | |
64 total
» build order
00:37 Altar of Kings
00:39 Barracks
00:57 Farm
01:05 Farm
01:06 Farm
01:23 Scout Tower
02:03 Farm
02:21 Arcane Tower
03:12 Arcane Vault
03:56 Keep
04:07 Lumber Mill
04:54 Scout Tower
04:54 Scout Tower
04:55 Scout Tower
04:58 Scout Tower
05:04 Scout Tower
05:29 Guard Tower
05:31 Guard Tower
05:38 Guard Tower
06:37 Scout Tower
06:37 Scout Tower
06:55 Arcane Sanctum
07:01 Scout Tower
07:01 Scout Tower
07:06 Guard Tower
07:07 Guard Tower
07:16 Scout Tower
07:16 Scout Tower
07:23 Town Hall
07:25 Scout Tower
07:25 Scout Tower
07:26 Scout Tower
07:26 Scout Tower
07:44 Guard Tower
07:50 Guard Tower
08:03 Guard Tower
08:15 Guard Tower
08:24 Guard Tower
08:52 Guard Tower
09:33 Guard Tower
09:35 Scout Tower
09:36 Scout Tower
09:38 Scout Tower
09:38 Scout Tower
09:49 Guard Tower
10:21 Guard Tower
10:23 Guard Tower
10:27 Arcane Tower
11:41 Castle
11:51 Blacksmith
13:04 Farm
13:05 Farm
13:08 Farm
14:04 Workshop
14:07 Workshop
14:09 Workshop
14:09 Workshop
18:35 Arcane Tower
23:30 Town Hall
23:32 Scout Tower
23:32 Scout Tower
23:32 Scout Tower
23:32 Scout Tower
23:34 Scout Tower
» items
| Scroll of Regeneration | 8 | |
| Boots of Speed | 1 | |
| Staff of Teleportation | 2 | |
| Potion of Invisibility | 5 | |
| Lesser Clarity Potion | 4 | |
| Potion of Mana | 7 | |
| Scroll of Town Portal | 4 | |
| Periapt of Vitality | 2 | |
| Potion of Healing | 1 | |
| Potion of Lesser Invulnerability | 3 | |
37 total
Chat log
(00:15 / All) AmericanMight: This one's for the Americans
(00:21 / All) AmericanMight: God bless the USA!
(00:30 / All) K_Mars: GL HF
(00:51 / All) AmericanMight: Hope you spontaneously combust while playing bro to be honest